 Dungeon Crawl Stone Soup version 0.27.0 (webtiles) character file.

Game seed: 12246487936665887406

21 mhtbhm the Bolt Thrower (level 2, 25/25 HPs)
             Began as a Minotaur Hunter on July 30, 2021.
             Was a Follower of Wu Jian.
             Quit the game on level 1 of the Dungeon.
             The game lasted 00:00:34 (510 turns).

mhtbhm the Bolt Thrower (Minotaur Hunter)            Turns: 510, Time: 00:00:34

Health: 25/25      AC:  3    Str: 16    XL:     2   Next: 65%
Magic:  1/1        EV: 11    Int:  8    God:    Wu Jian [*.....]
Gold:   63         SH:  0    Dex: 10    Spells: 1/1 levels left

rFire    . . .     SeeInvis .   b - +0 short sword
rCold    . . .     Faith    .   (no shield)
rNeg     . . .     Spirit   .   c - +0 leather armour
rPois    .         Reflect  .   (helmet restricted)
rElec    .         Harm     .   (no cloak)
rCorr    .         Rampage  .   (no gloves)
Will     .....                  (no boots)
Stlth    +.........             (no amulet)
HPRegen  0.08/turn              (no ring)
MPRegen  0.07/turn              (no ring)

@: no status effects
A: horns 2, retaliatory headbutt
a: Renounce Religion


You were on level 1 of the Dungeon.
You worshipped Wu Jian.
Wu Jian was aware of your devotion.
You visited 1 branch of the dungeon, and saw 1 of its levels.

You collected 63 gold pieces.

Inventory:

Hand Weapons
 a - a +1 hand crossbow
 b - a +0 short sword (weapon)
Missiles
 d - 20 bolts
Armour
 c - a +0 leather armour (worn)
Scrolls
 f - a scroll of teleportation {unknown}
Potions
 e - a potion of brilliance {unknown}


   Skills:
 + Level 2.9 Fighting
 + Level 5.0 Crossbows
 + Level 0.2 Armour
 + Level 2.2 Dodging
 + Level 0.8 Stealth


You had one spell level left.
You didn't know any spells.
Your spell library was empty.

Dungeon Overview and Level Annotations

Branches:
Dungeon (1/15)

Altars:
Wu Jian


Innate Abilities, Weirdness & Mutations

You have a pair of horns on your head.
You reflexively headbutt those who attack you in melee.


Message History

A giant cockroach is nearby!
A giant cockroach is nearby!
A giant cockroach is nearby!
Found a stone staircase leading down.
You see here 3 gold pieces.
You lunge at the giant cockroach.
You barely miss the giant cockroach.
Your headbutt misses the giant cockroach.
The giant cockroach barely misses you.
You hit the giant cockroach.
You kill the giant cockroach!
The Council accepts your kill.
No target in view!
No target in view!
No target in view!
No target in view!
No target in view!
No target in view!
No target in view!
You now have 63 gold pieces (gained 3).
Found a leather armour.
A bat comes into view.
A bat is nearby!
You miss the bat. The bat closely misses you.
The bat hits you but does no damage. The bat misses you.
You closely miss the bat. The bat hits you but does no damage.
The bat closely misses you. You furiously retaliate!
You headbutt the bat!
You kill the bat!
The Council accepts your kill.
Your Crossbows skill increases to level 5!
No target in view!
No target in view!
No target in view!
No target in view!
No target in view!
No target in view!
No target in view!
No target in view!
No target in view!
No target in view!
Are you sure you want to abandon this character and quit the game? (Confirm with "yes".)

##..##.#.#
#.##..# #.# #..
#.#.#
####.##..## #.#
#. #.#.#
#.........# #.#
#.....†....>..#
#.###
.#####.##.###..#
#.).#
.......##...#..#
###.#
#.......#.#..#
#..#
#...†.###.#..#
#)##
###..@##.....#
#.# #...#.#.#..#
#.# #..[.......#
#.#
#....#.#.#.##
#.#
#.#.#.##....#
#.# ........
....# #.#
###.#.#.#######
#.# ##....# #.#
# ## #.# #.#


There were no monsters in sight!

Vanquished Creatures
  A dart slug (D:1)
  2 giant cockroaches (D:1)
  3 goblins (D:1)
  2 hobgoblins (D:1)
  2 quokkas (D:1)
  A ball python (D:1)
  3 bats (D:1)
  3 frilled lizards (D:1)
  A kobold (D:1)
18 creatures vanquished.

Notes
Turn   | Place    | Note
-------+----------+-------------------------------------------
     0 | D:1      | mhtbhm the Minotaur Hunter began the quest for the Orb.
     0 | D:1      | Reached XP level 1. HP: 18/18 MP: 0/0
   229 | D:1      | Reached XP level 2. HP: 25/25 MP: 1/1
   253 | D:1      | Found a faded altar of an unknown god.
   283 | D:1      | Became a worshipper of the Wu Jian Council
   283 | D:1      | Reached * piety under Wu Jian
   510 | D:1      | Reached skill level 5 in Crossbows
   510 | D:1      | Quit the game

Illustrated notes

Levels and vault maps discovered:
D:1:      saegor_arrival_simple_e, layout_loops_ring,
          hellmonk_ecumenical_altar_crossroads, chequers_serial_rivers_micro_d,
          minmay_quantized

Skill      XL: |  1  2 |
---------------+-------+-----
Crossbows      | 5 |  5.0
Fighting       | |  2.9
Armour         | |  0.2
Dodging        | |  2.2
Stealth        | |  0.8

Action                   || total
-------------------------++-------
Melee: Short sword       ||    26
       Headbutt          ||     5
 Fire: Hand crossbow     ||     7
Invok: Lunge             ||     2
 Stab: Sleeping          ||     1
Armor: Leather armour    ||     8
Dodge: Dodged            ||    13
